 Dungeon Crawl Stone Soup version 0.19.1 (webtiles) character file.

903 CanadianGator the Cutter (level 8, 0/46 HPs)
             Began as a Kobold Fighter on Jan 10, 2017.
             Slain by a slave (7 damage)
             ... led by Pikel
             ... on level 5 of the Dungeon.
             The game lasted 00:15:33 (4919 turns).

CanadianGator the Cutter (Kobold Fighter)           Turns: 4919, Time: 00:15:35

Health: 0/46       AC:  5    Str: 13    XL:     8   Next: 28%
Magic:  8/8        EV: 17    Int:  9    God:
Gold:   261        SH:  6    Dex: 17    Spells: 0 memorised, 7 levels left

rFire  x . .     SeeInvis .     d - +2 short sword (elec)
rCold  . . .     Gourm    .     b - +0 leather armour
rNeg   . . .     Faith    .     e - +0 buckler of the Crown {-Cast rF- MR++ Regen+} (curse)
rPois  .         Spirit   .     (no helmet)
rElec  .         Reflect  .     h - +1 cloak
rCorr  .         Harm     .     (no gloves)
MR     ++...     NoCast   +     (no boots)
Stlth  +++.......               l - amulet of magic regeneration
                                (no ring)
                                (no ring)

@: no status effects
A: carnivore 3
a: no special abilities


You were on level 5 of the Dungeon.
You were very full.

You visited 1 branch of the dungeon, and saw 5 of its levels.

You collected 261 gold pieces.

Inventory:

Hand Weapons
 d - a +2 short sword of electrocution (weapon)
 q - a +1 rapier of freezing
Missiles
 n - 3 tomahawks (quivered)
 p - 45 bolts
Armour
 b - a +0 leather armour (worn)
 c - a +0 shield
 e - the cursed +0 buckler of the Crown (worn) {-Cast rF- MR++ Regen+}
   (You found it on level 4 of the Dungeon)

   It makes you vulnerable to fire.
   It affects your resistance to hostile enchantments.
   It prevents spellcasting.
   It increases your rate of regeneration.
   It has a curse placed upon it.
 h - a +1 cloak (worn)
Jewellery
 l - an amulet of magic regeneration (around neck)
Scrolls
 a - a scroll of fog {unknown}
 k - a scroll of identify
 m - a scroll of remove curse
 r - a scroll of fear {unknown}
 t - a scroll of recharging
 u - a scroll of amnesia
Potions
 i - 2 potions of cancellation
Comestibles
 f - a meat ration
 j - 2 slices of pizza
 o - a beef jerky


   Skills:
 + Level 3.5 Fighting
 * Level 7.1 Short Blades
 - Level 2.4 Armour
 * Level 5.8 Dodging
 * Level 7.0 Stealth
 + Level 2.6 Shields


You had 7 spell levels left.
You didn't know any spells.

Dungeon Overview and Level Annotations

Branches:
Dungeon (5/15)
 Temple: D:4-7

Altars:

Annotations:
D:5 Pikel


Innate Abilities, Weirdness & Mutations

You are small and have problems with some larger weapons.
You are carnivorous and can eat meat at any time.


Message History

The slave hits you. Pikel barely misses you. You block the slave's attack.
The slave completely misses you.
You hit Pikel.
Pikel is heavily wounded.
The slave misses you.
Okay, then.
You hit Pikel but do no damage.
Pikel is heavily wounded.
Pikel hits you with a whip of freezing. Pikel freezes you.
The slave completely misses you. The slave hits you.
* * * LOW HITPOINT WARNING * * *
The slave barely misses you. The slave closely misses you.
You closely miss Pikel.
Pikel is heavily wounded.
Pikel hits you with a whip of freezing.
* * * LOW HITPOINT WARNING * * *
Pikel freezes you.
* * * LOW HITPOINT WARNING * * *
The slave hits you!
You die...

#########
#...p@K.#
#...ppp.#
#.......#
#.........
#.......###
#.......#
#.......#
####.####


You could see Pikel and 4 slaves.

Vanquished Creatures
  Eustachio (D:4)
  The ghost of CanadianGator the Cutter, an amateur KoFi (D:3)
  An ogre (D:4)
  A scorpion (D:4)
  A howler monkey (D:4)
  A centaur zombie (D:5)
  A hound (D:3)
  5 orc wizards
  3 iguanas (D:4)
  2 worker ants (D:4)
  Terence (D:3)
  4 adders
  2 oozes
  A worm (D:4)
  4 dart slugs
  A leopard gecko (D:3)
  12 orcs
  A ball python (D:3)
  6 giant cockroaches
  10 goblins
  8 hobgoblins
  5 jackals
  2 kobolds (D:1)
  5 quokkas
  3 bats
  5 frilled lizards
  5 rats
92 creatures vanquished.

Notes
Turn   | Place    | Note
-------+----------+-------------------------------------------
     0 | D:1      | CanadianGator the Kobold Fighter began the quest for the Orb.
     0 | D:1      | Reached XP level 1. HP: 14/14 MP: 1/1
   341 | D:1      | Reached skill level 1 in Dodging
   341 | D:1      | Reached skill level 1 in Stealth
   341 | D:1      | Reached XP level 2. HP: 3/19 MP: 2/2
   981 | D:1      | Reached XP level 3. HP: 18/23 MP: 3/3
  1842 | D:2      | Reached XP level 4. HP: 28/28 MP: 4/4
  2023 | D:2      | Found a faded altar of an unknown god.
  2638 | D:3      | Reached XP level 5. HP: 21/32 MP: 5/5
  3219 | D:3      | Noticed Terence
  3261 | D:3      | HP: 1/32 [Terence/mace of protection (6)]
  3359 | D:3      | Killed Terence
  3554 | D:3      | Reached XP level 6. HP: 24/37 MP: 6/6
  3886 | D:3      | Noticed CanadianGator's ghost (amateur KoFi)
  3900 | D:3      | Killed CanadianGator's ghost
  3900 | D:3      | Reached skill level 5 in Short Blades
  3900 | D:3      | Reached skill level 5 in Stealth
  4183 | D:4      | Noticed Eustachio
  4260 | D:4      | Reached XP level 7. HP: 9/41 MP: 7/7
  4276 | D:4      | Killed Eustachio
  4403 | D:4      | Reached skill level 5 in Dodging
  4542 | D:4      | Reached XP level 8. HP: 38/46 MP: 8/8
  4791 | D:4      | Got an encrusted buckler
  4802 | D:4      | Identified the cursed +0 buckler of the Crown {-Cast rF- MR++ Regen+} (You found it on level 4 of the Dungeon)
  4906 | D:5      | Entered Level 5 of the Dungeon
  4906 | D:5      | Noticed Pikel
  4919 | D:5      | Slain by a slave

Skill      XL: |  1  2  3  4  5  6  7  8 |
---------------+-------------------------+-----
Short Blades   | 3 4 5 6 7 |  7.1
Dodging        | 1 2 3 4 5 |  5.8
Stealth        | 1 2 3 4 5 6 7 |  7.0
Fighting       | |  3.5
Armour         | |  2.4
Shields        | |  2.6

Action                   |  1- 3 |  4- 6 |  7- 9 || total
-------------------------+-------+-------+-------++-------
Melee: Rapier            |    42 |       |       ||    42
       Dagger            |    81 |   351 |       ||   432
       Short sword       |       |    95 |   109 ||   204
  Use: Scroll            |     3 |     4 |     1 ||     8
       Potion            |       |    13 |       ||    13
 Stab: Sleeping          |     5 |     5 |     1 ||    11
  Eat: Chunk             |    11 |     7 |     3 ||    21
Armor: Skin              |     3 |       |       ||     3
       Leather armour    |     9 |    64 |    15 ||    88
Dodge: Dodged            |    40 |   208 |    75 ||   323
Block: Shield            |    52 |   175 |    43 ||   270
       Buckler           |       |       |     4 ||     4
